 Dungeon Crawl Stone Soup version 0.29-a0-371-g91724d5b39 (webtiles) character file.

Game seed: 8536358284569504959

5 Bruhh the Chiller (level 1, -1/13 HPs)
             Began as a Human Ice Elementalist on May 3, 2022.
             Slain by a goblin
             ... wielding a +0 club
              (2 damage)
             ... on level 1 of the Dungeon.
             The game lasted 00:01:07 (402 turns).

Bruhh the Chiller (Human Ice Elementalist)           Turns: 402, Time: 00:01:07

Health: -1/13      AC:  2    Str:  8    XL:     1   Next: 88%
Magic:  2/3        EV: 12    Int: 15    God:
Gold:   0          SH:  0    Dex: 13    Spells: 3/4 levels left

rFire   . . .      SeeInvis .   c - +0 dagger
rCold   . . .      Faith    .   (no shield)
rNeg    . . .      Spirit   .   a - +0 robe
rPois   .          Reflect  .   (no helmet)
rElec   .          Harm     .   (no cloak)
rCorr   .          Rampage  .   (no gloves)
Will    .....                   (no boots)
Stlth   ++........              (no amulet)
HPRegen 0.04/turn               (no ring)
MPRegen 0.08/turn               (no ring)

@: no status effects
A: no striking features
a: no special abilities


You were on level 1 of the Dungeon.
You visited 1 branch of the dungeon, and saw 1 of its levels.

Inventory:

Hand Weapons
 c - a +0 dagger (weapon)
Armour
 a - a +0 robe (worn)
Potions
 b - a potion of magic


   Skills:
 - Level 2.0 Dodging
 - Level 2.0 Stealth
 + Level 2.2 Spellcasting
 + Level 4.1 Ice Magic


You had 3 spell levels left.
You knew the following spells:

 Your Spells              Type           Power      Damage    Failure   Level
a - Freeze                Ice            56%        1d7       4%          1

Your spell library contained the following spells:

 Spells                   Type           Power      Damage    Failure   Level
 Frozen Ramparts          Ice            28%        1d4       12%         3
 Ozocubu's Armour         Ice            14%        N/A       12%         3
 Hailstorm                Conj/Ice       7%         3d4       67%         4


Dungeon Overview and Level Annotations

Branches:
Dungeon (1/15)

Altars:


Message History

The bat closely misses you. The bat closely misses you.
The bat hits you but does no damage. The bat attacks as you move away!
The bat misses you. The bat hits you but does no damage.
The bat barely misses you. The bat attacks as you move away!
The bat closely misses you. The bat misses you. The bat misses you.
You see here a +0 dagger.
c - a +0 dagger The bat closely misses you.
c - a +0 dagger (weapon)
The bat closely misses you. The bat attacks as you move away!
The bat hits you but does no damage. The bat barely misses you.
The bat closely misses you.
Unknown command.
You barely miss the bat. The bat hits you. The bat barely misses you. x2
You miss the bat. The bat barely misses you. The goblin misses you.
You completely miss the bat. The bat barely misses you.
The bat closely misses you. The goblin hits you with a +0 club.
You completely miss the rat. You punch the rat.
The rat is moderately wounded.
The bat barely misses you. The goblin hits you with a +0 club.
The rat misses you. The bat hits you but does no damage.
You completely miss the rat.
The rat is moderately wounded.
The bat hits you but does no damage. The bat hits you.
The goblin hits you with a +0 club. The rat bites you.
You are too injured to fight recklessly!
The bat attacks as you move away! The bat hits you. The bat closely misses you.
The rat twitches its whiskers.
The rat barely misses you. The rat attacks as you move away! The rat bites you.
* * * LOW HITPOINT WARNING * * *
The goblin hits you with a +0 dagger.
* * * LOW HITPOINT WARNING * * *
The bat hits you but does no damage. The goblin attacks as you move away!
The goblin hits you with a +0 club.
You die...

##.>.## ##..<..##
##.......## ##..⌠...⌠..##
##...........##
##.⌠....⌠....⌠.##
##...............##
##..⌠...⌠...⌠...⌠..##
##..........@........## ....
#.(....⌠...ggb.⌠......# ....
#..........⌠r.........# ....
##...................## ....
##########.#############....
#.#....# #.........
#....r.###.........
##...........?.†...
#....g............


You could see 2 goblins, a bat and a rat.

Vanquished Creatures
  2 endoplasms (D:1)
  A hobgoblin (D:1)
  A kobold (D:1)
4 creatures vanquished.

Notes
Turn   | Place    | Note
-------+----------+-------------------------------------------
     0 | D:1      | Bruhh the Human Ice Elementalist began the quest for the
                  | Orb.
     0 | D:1      | Reached XP level 1. HP: 13/13 MP: 3/3
   402 | D:1      | Slain by a goblin

Illustrated notes

Levels and vault maps discovered:
D:1:      dpeg_arrival_lava_temple_mockup, layout_basic, serial_shops, shop,
          minmay_close_crescents

Action                   || total
-------------------------++-------
Melee: Dagger            ||     5
       Unarmed           ||     3
       Punch             ||     1
 Cast: Freeze            ||     8
Armor: Robe              ||    11
Dodge: Dodged            ||    38

Table legend: (Time is in decaauts)
 A = Elapsed time spent in this place.
 B = Non-inter-level travel time spent in this place.
 C = Inter-level travel time spent in this place.
 D = Time resting spent in this place.
 E = Time spent auto-exploring this place.
 F = Levels seen in this place.
 G = Mean time per level.
                   A        B        C        D        E       F      G
               +--------+--------+--------+--------+--------+-----+--------+
         Total |    401 |    401 |      0 |      0 |    321 |   1 |  401.0 |
       Dungeon |    401 |    401 |      0 |      0 |    321 |   1 |  401.0 |
               +--------+--------+--------+--------+--------+-----+--------+

Top non-repeatable levels by time:
     D:1: 401 daAuts
